 Dungeon Crawl Stone Soup version 0.21-a0-85-ga0cb861 (webtiles) character file.

2075 grindst0ne the Protected (level 9, -2/64 HPs)
             Began as a Formicid Fighter on June 25, 2017.
             Was an Initiate of Gozag.
             Slain by stickyfingers's ghost (5 damage)
             ... on level 6 of the Dungeon.
             The game lasted 00:14:22 (8341 turns).

grindst0ne the Protected (Formicid Fighter)         Turns: 8341, Time: 00:14:22

Health: -2/64      AC: 15    Str: 21    XL:     9   Next: 51%
Magic:  9/9        EV:  7    Int:  8    God:    Gozag
Gold:   500        SH: 11    Dex: 13    Spells: 8/8 levels left

rFire    . . .     SeeInvis +   d - +0 falchion (slice)
rCold    . . .     Gourm    .   c - +0 shield
rNeg     . . .     Faith    .   q - +3 chain mail
rPois    .         Spirit   .   (helmet unavailable)
rElec    .         Reflect  .   (no cloak)
rCorr    .         Harm     .   (no gloves)
MR       .....                  (no boots)
Stlth    ..........             (no amulet)
HPRegen  0.20/turn              r - ring of flight
MPRegen  0.11/turn              (no ring)

@: very slightly contaminated
A: permanent stasis, dig shafts and tunnels, four strong arms, antennae 3
a: Dig, Shaft Self, Potion Petition, Call Merchant, Bribe Branch, Renounce
Religion, Evoke Flight


You were on level 6 of the Dungeon.
You worshipped Gozag.
Gozag was pleased with you.
You were not hungry.

You visited 1 branch of the dungeon, and saw 6 of its levels.

You collected 557 gold pieces.
You paid 57 gold pieces to Gozag.

Inventory:

Hand Weapons
 a - a +0 long sword
 d - a +0 falchion of slicing (weapon)
Armour
 c - a +0 shield (worn)
 q - a +3 chain mail (worn)
Jewellery
 r - a ring of flight (left hand)
Scrolls
 b - 2 scrolls of remove curse
 h - 2 scrolls of enchant weapon {unknown}
 i - a scroll of fear {unknown}
 l - 3 scrolls of enchant armour {unknown}
 o - 2 scrolls of recharging {unknown}
 p - 2 scrolls of immolation {unknown}
 t - a scroll of noise {unknown}
 u - a scroll of torment {unknown}
Potions
 e - a potion of flight
Comestibles
 j - 4 meat rations


   Skills:
 + Level 3.2 Fighting
 - Level 2.0 Long Blades
 - Level 11.7 Armour
 - Level 7.5 Shields


You had 8 spell levels left.
You didn't know any spells.

Dungeon Overview and Level Annotations

Branches:
Dungeon (6/15)             Temple (0/1) D:4

Altars:
Cheibriados
Gozag
Hepliaklqana
Zin

Shops:
D:3 *

Annotations:
D:6 stickyfingers's ghost, novice HOBe


Innate Abilities, Weirdness & Mutations

You cannot be hasted, slowed, berserked, paralysed or teleported.
You can dig through walls and to a lower floor.
Your four strong arms can wield two-handed weapons with a shield.
You have a pair of large antennae on your head. (SInv)


Message History

Stickyfingers's ghost hits you but does no damage.
You hit stickyfingers's ghost.
Stickyfingers's ghost is almost destroyed.
Stickyfingers's ghost hits you!
* * * LOW HITPOINT WARNING * * *
Stickyfingers's ghost closely misses you.
You hit stickyfingers's ghost.
Stickyfingers's ghost is almost destroyed.
Stickyfingers's ghost hits you.
* * * LOW HITPOINT WARNING * * *
You closely miss stickyfingers's ghost.
Stickyfingers's ghost is almost destroyed.
Stickyfingers's ghost hits you.
* * * LOW HITPOINT WARNING * * *
Your chain mail prevents you from hitting stickyfingers's ghost.
Stickyfingers's ghost is almost destroyed.
Stickyfingers's ghost yells, "Who would have thought, even in death it is a pleasure to sever!"
Stickyfingers's ghost hits you.
You die...
Your body crumbles into a pile of gold.

.........).....# #.#..........
...............# #.#..#.+#####
..............(# #.##..#.#
#########.<....# #.##..#+####
#..(...# #.#........# #......#
#........#.# #....(.#
##.#......#.#
#(.....#####..#..(.>.#.#
*########......W@...#.#......#.#
,..............#.####.#......#.#
*#######.#.###.#...?..#......#.#
* #.....# #.########......#.# *
#.#.#.# #..,,,..........'.#
######.....############......###
#..........#..............####
#.####..#..#.############.# *,*
#.....#.# #.#


You could see stickyfingers's ghost.

Vanquished Creatures
  Pikel (D:5)
  The ghost of stickyfingers the Cleaver, a novice HOBe of Trog (D:3)
  Grinder (D:3)
  The ghost of TotoDurand the Skirmisher, an amateur VSFi of Okawaru (D:5)
  Eustachio (D:5)
  2 ogres
  A centaur (D:6)
  A scorpion (D:4)
  A howler monkey (D:4)
  3 crimson imps (D:5)
  A hound (D:3)
  An orc wizard (D:3)
  3 worker ants (D:4)
  7 gnolls
  8 adders
  2 oozes
  An adder skeleton (D:4)
  3 worms
  4 dart slugs
  3 leopard geckos
  5 orcs (D:3)
  7 giant cockroaches
  15 goblins
  11 hobgoblins
  6 jackals
  3 quokkas
  A ball python (D:3)
  8 bats
  11 frilled lizards
  A jackal skeleton (D:6)
  4 kobolds
  A quokka skeleton (D:5)
  12 rats
131 creatures vanquished.

Vanquished Creatures (others)
  A sky beast (D:5)
  A slave (D:5)
  A necrophage (D:5)
  An adder (D:5)
  4 gnolls (D:5)
  A giant cockroach (D:5)
9 creatures vanquished.

Grand Total: 140 creatures vanquished

Notes
Turn   | Place    | Note
-------+----------+-------------------------------------------
     0 | D:1      | grindst0ne the Formicid Fighter began the quest for the Orb.
     0 | D:1      | Reached XP level 1. HP: 18/18 MP: 1/1
    38 | D:1      | Reached XP level 2. HP: 15/24 MP: 2/2
   516 | D:1      | Reached XP level 3. HP: 26/29 MP: 3/3
   752 | D:2      | Reached skill level 4 in Armour
  1185 | D:2      | Reached XP level 4. HP: 18/35 MP: 4/4
  1982 | D:2      | Reached skill level 5 in Shields
  2035 | D:3      | Found Gozag's Platinum Reserve.
  2090 | D:3      | Reached XP level 5. HP: 31/41 MP: 5/5
  2136 | D:3      | Found an opulent altar of Gozag.
  2147 | D:3      | Noticed stickyfingers's ghost (novice HOBe)
  3060 | D:3      | Found an opulent altar of Gozag.
  3147 | D:3      | Reached skill level 5 in Armour
  3962 | D:3      | Killed stickyfingers's ghost
  3962 | D:3      | Reached skill level 6 in Armour
  3962 | D:3      | Reached XP level 6. HP: 5/47 MP: 6/6
  3962 | D:3      | Reached XP level 7. HP: 5/52 MP: 7/7
  4104 | D:3      | Noticed Grinder
  4247 | D:3      | HP: 1/52 [Grinder/nerve-wracking pain (6)]
  4254 | D:3      | Killed Grinder
  4254 | D:3      | Reached skill level 7 in Armour
  4787 | D:3      | Reached XP level 8. HP: 58/58 MP: 8/8
  5079 | D:3      | Found a faded altar of an unknown god.
  5299 | D:3      | Found a glowing silver altar of Zin.
  5508 | D:3      | Became a worshipper of Gozag Ym Sagoz the Greedy
  5645 | D:4      | Found a snail-covered altar of Cheibriados.
  5653 | D:4      | Reached skill level 8 in Armour
  5863 | D:4      | Found a hazy altar of Hepliaklqana.
  5985 | D:4      | Got a jade-encrusted ring mail
  6000 | D:4      | Identified the +1 ring mail of Pulameoc {*Slow +Fly rCorr} (You found it on level 4 of the Dungeon)
  6048 | D:4      | Found a staircase to the Ecumenical Temple.
  6447 | D:5      | Entered Level 5 of the Dungeon
  6489 | D:5      | Reached skill level 9 in Armour
  6559 | D:5      | Noticed TotoDurand's ghost (amateur VSFi)
  6581 | D:5      | Killed TotoDurand's ghost
  6796 | D:5      | Noticed Pikel
  6828 | D:5      | Killed Pikel
  6828 | D:5      | Reached skill level 11 in Armour
  6828 | D:5      | Reached XP level 9. HP: 5/64 MP: 9/9
  7271 | D:5      | Noticed Eustachio
  7358 | D:5      | Killed Eustachio
  7767 | D:6      | Noticed stickyfingers's ghost (novice HOBe)
  8340 | D:6      | HP: 3/64 [stickyfingers's ghost (5)]
  8341 | D:6      | Slain by stickyfingers's ghost

Vault maps used:
D:1:      dpeg_arrival_shrine
D:2:      hangedman_decor_growths
D:3:      cheibrodos_greedy_goblins, nicolae_overflow_hidden_temple,
          overflow_temple_1_default, chequers_ecumenical_altar_island,
          nicolae_gozag_zags_fifth_avenue, uniq_grinder
D:4:      cheibriados_altar_1, lemuel_doored_altar, minmay_temple_entry_mist,
          first_bread
D:5:      uniq_eustachio, uniq_pikel
D:6:      minmay_misc_feat_five, hangedman_ru_absence

Skill      XL: |  1  2  3  4  5  6  7  8 |
---------------+-------------------------+-----
Shields        | 4 5 6 7 |  7.5
Armour         | 4 6 7 11 | 11.7
Fighting       | |  3.2
Long Blades    | |  2.0

Action                   |  1- 3 |  4- 6 |  7- 9 || total
-------------------------+-------+-------+-------++-------
Melee: Long sword        |   137 |   246 |   408 ||   791
       Falchion          |       |       |   123 ||   123
 Abil: Dig               |       |     6 |    16 ||    22
  Use: Potion            |       |     1 |    10 ||    11
       Scroll            |       |       |     8 ||     8
 Stab: Distracted        |       |       |     1 ||     1
       Invisible         |       |       |     2 ||     2
  Eat: Chunk             |     1 |     4 |     4 ||     9
       Bread ration      |       |     1 |     3 ||     4
       Royal jelly       |       |       |     1 ||     1
Armor: Scale mail        |    47 |       |       ||    47
       Chain mail        |    22 |   106 |   251 ||   379
Dodge: Dodged            |    42 |    55 |   115 ||   212
Block: Shield            |    82 |   153 |   286 ||   521
       Rpst.: Long sword |    21 |    19 |    34 ||    74
       Falchion          |       |       |     5 ||     5
